 Dungeon Crawl Stone Soup version 0.19.0-2-gae57169 (webtiles) character file.

4307 Gingerlord the Skirmisher (level 10, -9/79 HPs)
             Began as a Human Wanderer on Nov 7, 2016.
             Was an Elder of Okawaru.
             Mangled by an orc warrior
             ... wielding a +0 war axe
              (20 damage)
             ... on level 9 of the Dungeon.
             The game lasted 00:25:44 (9366 turns).

Gingerlord the Skirmisher (Human Wanderer)          Turns: 9366, Time: 00:25:45

Health: -9/79      AC: 19    Str: 14    XL:     10   Next: 58%
Magic:  13/13      EV: 13    Int: 15    God:    Okawaru [****..]
Gold:   360        SH:  0    Dex: 14    Spells: 0 memorised, 11 levels left

rFire  . . .     SeeInvis .     F - +0 battleaxe
rCold  . . .     Gourm    +     i - +3 scale mail
rNeg   . . .     Faith    .     (shield currently unavailable)
rPois  .         Spirit   .     s - +2 helmet
rElec  .         Reflect  .     (no cloak)
rCorr  .         Harm     .     B - +0 pair of gloves of Recklessness {*Contam Int+2 Slay+3}
MR     .....                    (no boots)
Stlth  ..........               u - amulet of the gourmand
                                y - +4 ring of protection
                                j - ring of flight

@: no status effects
A: no striking features
a: Heroism, Renounce Religion, Evoke Flight


You were on level 9 of the Dungeon.
You worshipped Okawaru.
Okawaru was greatly pleased with you.
You were full.

You visited 2 branches of the dungeon, and saw 10 of its levels.
You also visited: Sewer.

You collected 360 gold pieces.

Inventory:

Hand Weapons
 o - a +0 war axe
 F - a +0 battleaxe (weapon)
Missiles
 b - 5 arrows
Armour
 i - a +3 scale mail (worn)
 s - a +2 helmet (worn)
 B - the +0 pair of gloves of Recklessness (worn) {*Contam Int+2 Slay+3}
   (You found it on level 8 of the Dungeon)

   It affects your intelligence (+2).
   It affects your accuracy and damage with ranged weapons and melee attacks
   (+3).
   It causes magical contamination when unequipped.
Rods
 I - a +1 lightning rod (10/10)
   (You found it on level 9 of the Dungeon)
Jewellery
 j - a ring of flight (left hand)
 u - an amulet of the gourmand (around neck)
 y - a +4 ring of protection (right hand)
 J - an uncursed ring of see invisible {unknown}
Wands
 G - a wand of iceblast (7/15)
Scrolls
 c - 3 scrolls of recharging
 g - a scroll of amnesia
 k - 4 scrolls of teleportation
 r - a scroll of magic mapping
 t - a scroll of remove curse
 C - 2 scrolls of fear {unknown}
 H - 2 scrolls of identify
Potions
 a - a potion of brilliance
 d - 2 potions of mutation {unknown}
 e - a potion of haste {unknown}
 h - 2 potions of lignification
 m - 2 potions of cancellation {unknown}
 p - 2 potions of invisibility {unknown}
 q - a potion of might {unknown}
 v - a potion of heal wounds
 w - 4 potions of curing
 A - a potion of agility {unknown}
 E - a potion of flight {unknown}
Comestibles
 f - 8 bread rations
 l - 2 royal jellies
 n - a beef jerky
 x - a slice of pizza
 z - 3 meat rations
 D - 4 fruits


   Skills:
 + Level 7.3 Fighting
 + Level 7.1 Axes
   Level 1.0 Bows
 + Level 6.8 Armour
 + Level 7.0 Dodging
 - Level 1.0 Spellcasting
   Level 2.0 Conjurations
 + Level 5.0 Invocations
 - Level 2.0 Evocations


You had 11 spell levels left.
You didn't know any spells.

Dungeon Overview and Level Annotations

Branches:
Dungeon (9/15)             Temple (1/1) D:4            Lair (0/6) D:9
    Orc (0/2) D:9

Altars:
Ashenzari
Cheibriados
Elyvilon
Fedhas
Gozag
Hepliaklqana
Kikubaaqudgha
Makhleb
Okawaru
Qazlal
Ru
Sif Muna
Trog
Uskayaw
Vehumet
Xom
Yredelemnul
The Shining One

Annotations:
D:9 Charmandara's ghost, journeyman NaCK


Message History

Something hits you but does no damage.
You hear some strange, mumbled words.
Something tries to affect you, but you resist.
You slash the orc warrior!
The orc warrior is severely wounded.
You hit something. The orc warrior barely misses you.
Something hits you but does no damage.
The orc warrior hits you with a war axe.
* * * LOW HITPOINT WARNING * * *
Unknown command.
Okay, then.
You closely miss the orc warrior.
The orc warrior is severely wounded.
Your scale mail prevents you from hitting something.
You hear some strange, mumbled words.
A magic dart appears from out of thin air!
The magic dart hits you!
* * * LOW HITPOINT WARNING * * *
The orc warrior hits you with a war axe!!
You die...

##
########....................
#..###########.###### #..#
#.# # #..# #.# #..# #.######
# #####..###########.......
. .................÷........
. ...........)..............
# #####...)@)........#######
#>..)o.........#
#.......)......####### #
#.......).......W..oo. .
....########....§....o. .
..... #.....###### ### .....
#####.###### ... ...>
#####....... ...
#...........


You could see an orc warrior.

Vanquished Creatures
  A hippogriff (D:9)
  A black bear (D:6)
  3 ice beasts
  A hornet zombie (D:8)
  3 orc warriors (D:9)
  2 sky beasts
  2 phantoms
  2 ogres
  5 centaurs
  A crocodile (Sewer)
  A big kobold (D:9)
  4 bullfrogs
  4 scorpions
  3 killer bees (D:6)
  5 howler monkeys
  10 crimson imps
  7 orc priests
  7 hounds
  2 jellies (D:5)
  5 orc wizards
  Jessica (D:2)
  An iguana (D:6)
  5 worker ants
  2 hound skeletons
  2 worker ant zombies (D:9)
  8 gnolls
  12 adders
  2 shadow imps
  2 oozes
  An adder zombie (D:6)
  3 adder skeletons (D:6)
  2 worms (D:4)
  A dart slug (D:2)
  6 leopard geckos
  23 orcs
  3 bats
  7 giant cockroaches
  8 hobgoblins
  14 jackals
  5 quokkas
  5 frilled lizards
  7 goblins
  12 kobolds
  7 rats
208 creatures vanquished.

Vanquished Creatures (others)
  A bat (D:3)
1 creature vanquished.

Grand Total: 209 creatures vanquished

Notes
Turn   | Place    | Note
-------+----------+-------------------------------------------
     0 | D:1      | Gingerlord the Human Wanderer began the quest for the Orb.
     0 | D:1      | Gingerlord set off with: a +2 shortbow, 26 arrows, a +0 ring mail, a potion of curing, a bread ration
     0 | D:1      | Reached XP level 1. HP: 18/18 MP: 2/2
   221 | D:1      | Reached skill level 1 in Dodging
   235 | D:1      | Reached XP level 2. HP: 24/24 MP: 3/3
   555 | D:1      | Reached XP level 3. HP: 29/29 MP: 4/4
   795 | D:2      | Noticed Jessica
   802 | D:2      | Killed Jessica
   802 | D:2      | Reached XP level 4. HP: 35/35 MP: 5/5
   806 | D:2      | Reached skill level 1 in Axes
  1224 | D:2      | Reached XP level 5. HP: 42/42 MP: 6/6
  1722 | D:3      | Noticed an ogre
  2222 | D:3      | Killed an ogre
  2222 | D:3      | Reached XP level 6. HP: 48/48 MP: 7/7
  2677 | D:4      | Found a staircase to the Ecumenical Temple.
  2688 | Temple   | Entered the Ecumenical Temple
  2737 | Temple   | Became a worshipper of Warmaster Okawaru
  2835 | D:4      | Reached XP level 7. HP: 25/55 MP: 8/8
  3053 | D:4      | Reached * piety under Okawaru
  3662 | D:4      | Reached XP level 8. HP: 61/61 MP: 9/9
  3709 | D:4      | Reached skill level 5 in Fighting
  3975 | D:5      | Entered Level 5 of the Dungeon
  4165 | D:5      | Reached ** piety under Okawaru
  4235 | D:5      | Found a glowing drain.
  4313 | Sewer    | Entered a sewer
  4747 | D:5      | Reached skill level 5 in Axes
  4766 | D:5      | Reached skill level 5 in Dodging
  4886 | D:5      | Reached skill level 5 in Armour
  4886 | D:5      | Reached XP level 9. HP: 32/69 MP: 7/10
  5235 | D:5      | Reached skill level 1 in Invocations
  5360 | D:5      | Found a sacrificial altar of Ru.
  5781 | D:6      | Reached *** piety under Okawaru
  6855 | D:7      | Found a hide-covered altar of Uskayaw.
  7178 | D:7      | Found an opulent altar of Gozag.
  7942 | D:8      | Reached XP level 10. HP: 77/77 MP: 12/12
  7988 | D:8      | Got a pair of fine gloves
  7999 | D:8      | Identified the +0 pair of gloves of Recklessness {*Contam Int+2 Slay+3} (You found it on level 8 of the Dungeon)
  8024 | D:8      | Found a basalt altar of Yredelemnul.
  8037 | D:8      | Found a glowing golden altar of the Shining One.
  8514 | D:8      | Reached **** piety under Okawaru
  8939 | D:9      | Found a staircase to the Lair.
  9002 | D:9      | Noticed Charmandara's ghost (journeyman NaCK)
  9344 | D:9      | Found a staircase to the Orcish Mines.
  9356 | D:9      | Reached skill level 5 in Invocations
  9366 | D:9      | Mangled by an orc warrior

Skill      XL: |  1  2  3  4  5  6  7  8  9 10 |
---------------+-------------------------------+-----
Dodging        | 1 2 3 4 5 6 7 |  7.0
Armour         | 2 3 5 6 |  6.8
Axes           | 1 2 3 4 5 6 7 |  7.1
Fighting       | 4 5 6 7 |  7.3
Invocations    | 3 5 |  5.0
Bows           | |  1.0
Spellcasting   | |  1.0
Conjurations   | |  2.0
Evocations     | |  2.0

Action                   |  1- 3 |  4- 6 |  7- 9 | 10-12 || total
-------------------------+-------+-------+-------+-------++-------
Melee: War axe           |       |    58 |   541 |    29 ||   628
       Punch             |       |       |     2 |       ||     2
       Battleaxe         |       |       |       |   133 ||   133
 Fire: Shortbow          |    54 |   125 |       |       ||   179
Invok: Heroism           |       |       |     2 |       ||     2
  Use: Potion            |       |     1 |     2 |     1 ||     4
       Scroll            |       |     1 |    11 |       ||    12
  Eat: Chunk             |       |    12 |    16 |     6 ||    34
Armor: Ring mail         |     2 |       |       |       ||     2
       Scale mail        |     5 |    90 |   379 |   109 ||   583
Dodge: Dodged            |    10 |    79 |   397 |   111 ||   597
